 Dungeon Crawl Stone Soup version 0.13.0-3-g966e3ec (webtiles) character file.

461 Malachi the Grave Robber (level 6, 0/44 (45) HPs)
             Began as a Ghoul Necromancer on Oct 13, 2013.
             Was an Initiate of Kikubaaqudgha.
             Slain by Crazy Yiuf
             ... wielding a +3,+3 quarterstaff of chaos
              (6 damage)
             ... on Level 4 of the Dungeon.
             The game lasted 00:14:01 (4186 turns).

Malachi the Grave Robber (Ghoul Necromancer)        Turns: 4186, Time: 00:14:02

HP   0/44 (45)   AC  3     Str 12      XL: 6   Next: 44%
MP  10/19        EV 12     Int 12      God: Kikubaaqudgha [......]
Gold 144         SH  0     Dex  9      Spells:  3 memorised,  2 levels left

Res.Fire  : . . .   See Invis. : .   (no weapon)
Res.Cold  : + . .   Warding    : .   a - +1 robe
Life Prot.: + + +   Conserve   : .   (no shield)
Res.Poison: +       Res.Corr.  : .   (no helmet)
Res.Elec. : .       Clarity    : .   (no cloak)
Sust.Abil.: . .     Spirit.Shd : .   (no gloves)
Res.Mut.  : .       Stasis     : +   (no boots)
Res.Rott. : +       Flight     : .   n - amulet of stasis
Saprovore : + + +                    (no ring)
                                     q - ring of magical power

@: very slightly contaminated, rotting, slightly resistant to hostile
enchantments, unstealthy
A: rotting body, claws 1, carnivore 3, cold resistance 1, life protection 3,
poison resistance, saprovore 3, slow healing 1, torment resistance, unbreathing
a: Renounce Religion


You were on level 4 of the Dungeon.
You worshipped Kikubaaqudgha.
Kikubaaqudgha was noncommittal.
You were not hungry.

You visited 2 branches of the dungeon, and saw 5 of its levels.

You collected 151 gold pieces.
You spent 27 gold pieces at shops.

Inventory:

Hand weapons
 p - a +1 blowgun
Missiles
 o - 10 poisoned needles
 w - 7 curare-tipped needles
Armour
 a - a +1 robe (worn)
Comestibles
 c - 2 chunks of hobgoblin flesh
 h - a rotting chunk of giant gecko flesh
 i - 5 chunks of hobgoblin flesh
 j - a chunk of kobold flesh
 l - a meat ration
 r - 2 chunks of kobold flesh
Scrolls
 d - a scroll of identify
 g - a scroll of remove curse
 m - a scroll of curse armour
Jewellery
 n - an amulet of stasis (around neck)
 q - a ring of magical power (left claw)
Potions
 f - a potion of speed
 k - 3 potions of curing
 A - a potion of resistance
Books
 b - a book of Necromancy

   Spells                             Type                      Level
   *Pain                              Necromancy                   1
   Animate Skeleton                   Necromancy                   1
   Lethal Infusion                    Charms/Necromancy            2
   *Vampiric Draining                 Necromancy                   3
   *Regeneration                      Charms/Necromancy            3
   Animate Dead                       Necromancy                   4
   Control Undead                     Necromancy                   4


   Skills:
 + Level 2.4 Dodging
 - Level 2.1 Stealth
 * Level 0.2 Unarmed Combat
 - Level 2.0 Spellcasting
 * Level 6.8 Necromancy


You had 2 spell levels left.
You knew the following spells:

 Your Spells              Type           Power        Failure   Level  Hunger
a - Pain                  Necr           ###.         1%          1    ##.....
b - Vampiric Draining     Necr           ###.......   6%          3    ####...
c - Regeneration          Chrm/Necr      #.........   24%         3    ####...


Dungeon Overview and Level Annotations

Branches:
Dungeon (4/27)             Temple (1/1) D:4

Altars:
Ashenzari
Cheibriados
Elyvilon
Fedhas
Kikubaaqudgha
Makhleb
Okawaru
Sif Muna
Trog
Vehumet
Zin
the Shining One

Shops:
D:4 *

Annotations:
D:3 Zurvan's ghost, average HEFE
D:4 Crazy Yiuf; Findor's ghost, average HOFi


Innate Abilities, Weirdness & Mutations

Your body is rotting away.
You have sharp fingernails.
You are carnivorous and can eat meat at any time.
Your flesh is cold resistant.
You are immune to negative energy.
Your system is resistant to poisons.
You thrive on rotten meat.
You heal slowly.
You are immune to unholy pain and torment.
You can survive without breathing.


Message History

Aiming: Vampiric Draining
Press: ? - help, Shift-Dir - straight line, f/p - Crazy Yiuf
Aim: Crazy Yiuf, wielding a quarterstaff of chaos, wearing an embroidered cloak and carrying a wand of magic darts {zapped: 4} You miscast Vampiric Draining.
You hear strange and distant voices.
Crazy Yiuf laughs, "Seed sanguine bag!"
Crazy Yiuf zaps a wand.
The magic dart hits you!
Casting: Vampiric Draining
Confirm with . or Enter, or press ? or * to list all spells.
Aiming: Vampiric Draining
Press: ? - help, Shift-Dir - straight line, f/p - Crazy Yiuf
Aim: Crazy Yiuf, wielding a quarterstaff of chaos, wearing an embroidered cloak and carrying a wand of magic darts {zapped: 5} Crazy Yiuf is heavily wounded.
You feel life coursing into your body.
Crazy Yiuf flaps his cloak.
Crazy Yiuf hits you with a quarterstaff of chaos!
* * * LOW HITPOINT WARNING * * *
Crazy Yiuf burns you!
You die...
Kikubaaqudgha rasps: "You have failed me!
Welcome... oblivion!"

#.....#..(...#####.##..
########.....#............##..
#............########...####..
#.############ ##### #.. #.#
###########.. ##.#
#..........>. #..#### #####
#######.##### #[....## ###..)#
#.#..[. #......####.'.@g#
#.#.### ##......#..##...#
#.#.# ##....#.######## #...#
######## ##### ########
#....... #.######


You could see Crazy Yiuf.

Vanquished Creatures
  2 hounds (D:4)
  A scorpion (D:4)
  An orc wizard (D:3)
  5 gnolls
  4 adders
  4 giant geckos
  15 orcs
  2 ball pythons
  8 bats
  5 giant cockroaches
  9 goblins
  9 hobgoblins
  6 jackals (D:2)
  3 quokkas
  5 giant newts
  12 kobolds
  8 rats
99 creatures vanquished.

Notes
Turn   | Place    | Note
--------------------------------------------------------------
     0 | D:1      | Malachi, the Ghoul Necromancer, began the quest for the Orb.
     0 | D:1      | Reached XP level 1. HP: 14/14 MP: 3/3
   306 | D:1      | Reached XP level 2. HP: 20/20 MP: 0/4
   978 | D:2      | Reached XP level 3. HP: 5/26 MP: 2/6
   998 | D:2      | Learned a level 3 spell: Vampiric Draining
  1450 | D:2      | Found a bloodstained altar of Trog.
  1726 | D:3      | Reached XP level 4. HP: 33/33 MP: 7/7
  1757 | D:3      | Reached skill level 5 in Necromancy
  2028 | D:3      | Noticed Zurvan's ghost (average HEFE)
  2280 | D:3      | Reached XP level 5. HP: 25/38 MP: 8/8
  2762 | D:3      | Reached skill level 6 in Necromancy
  2850 | D:3      | Learned a level 3 spell: Regeneration
  3249 | D:4      | Reached XP level 6. HP: 19/44 MP: 4/10
  3438 | D:4      | Found a staircase to the Ecumenical Temple.
  3502 | Temple   | Entered the Ecumenical Temple
  3536 | Temple   | Became a worshipper of Kikubaaqudgha
  3634 | D:4      | Found Kleasapt's Assorted Antiques.
  3697 | D:4      | Bought a smoky yellow potion for 27 gold pieces
  3884 | D:4      | Noticed Findor's ghost (average HOFi)
  4180 | D:4      | Noticed Crazy Yiuf
  4186 | D:4      | Slain by Crazy Yiuf

Action                   |  1- 3 |  4- 6 || total
-------------------------+-------+-------++-------
Melee: Unarmed           |    24 |   121 ||   145
 Cast: Pain              |    84 |    68 ||   152
       Vampiric Draining |     3 |    41 ||    44
  Use: Scroll            |     6 |     5 ||    11
       Potion            |       |     2 ||     2
 Stab: Distracted        |       |     1 ||     1
